 Dungeon Crawl Stone Soup version 0.30.1-11-g7821555f0a (webtiles) character file.

Game seed: 2531835697403099145

65156 FatMalone the Tortoise (level 14, -17/147 HPs)
             Began as a Minotaur Berserker on Oct 22, 2023.
             Was a High Priest of Trog.
             Killed from afar by an acid blob (19 damage)
             ... with a splash of acid
             ... on level 5 of the Lair of Beasts on Oct 27, 2023.
             The game lasted 01:24:06 (26815 turns).

FatMalone the Tortoise (Minotaur Berserker)        Turns: 26815, Time: 01:24:06

Health: -17/147    AC: 22    Str: 26    XL:     14   Next: 74%
Magic:  13/13      EV:  9    Int:  4    God:    Trog [*****.]
Gold:   1352       SH:  0    Dex: 11    Spells: 13/13 levels left

rFire   + . .        L - +6 shillelagh "Devastator" {shatter}
rCold   + + .        (no shield)
rNeg    . . .        T - +3 plate armour "Gosus" {rC+}
rPois   +            (helmet restricted)
rElec   .            (no cloak)
rCorr   .            N - +2 pair of gloves
SInv    .            X - +2 pair of boots
Will    +....        w - amulet of the acrobat Stlth
                     U - ring "Hile Riho" {rF+ rC+}
HPRegen 0.44/turn    G - ring of poison resistance
MPRegen 0.13/turn

%: acrobat
@: corroded, on berserk cooldown, slowed, studying Staves, very slow
A: horns 2, retaliatory headbutt
a: Renounce Religion, Berserk, Trog's Hand, Brothers in Arms


You were on level 5 of the Lair of Beasts.
You worshipped Trog.
Trog was extremely pleased with you.
You visited 3 branches of the dungeon, and saw 17 of its levels.

You collected 1428 gold pieces.
You spent 76 gold pieces at shops.

Inventory:

Hand Weapons
 a - a +0 mace
 H - a +5 dire flail
 L - the +6 shillelagh "Devastator" (weapon) {shatter}
   (You found it on level 9 of the Dungeon)
 M - a +0 demon whip of venom
 W - a +5 heavy great mace
Missiles
 V - 7 boomerangs (quivered)
Armour
 i - a +4 scale mail
 F - a +0 plate armour of cold resistance
 N - a +2 pair of gloves (worn)
 T - the +3 plate armour "Gosus" (worn) {rC+}
   (You found it on level 9 of the Dungeon)

   rC:        It protects you from cold.
 X - a +2 pair of boots (worn)
Jewellery
 t - a +4 ring of protection
 w - an amulet of the acrobat (around neck)
 G - a ring of poison resistance (right hand)
 S - an amulet of faith
 U - the ring "Hile Riho" (left hand) {rF+ rC+}
   (You found it on level 3 of the Lair of Beasts)

   [ring of protection from cold]

   rF:        It protects you from fire.
   rC:        It protects you from cold.
Wands
 n - a wand of iceblast (12)
 y - a wand of mindburst (8)
 P - a wand of quicksilver (7)
Scrolls
 b - 4 scrolls of immolation
 g - 5 scrolls of noise
 h - 10 scrolls of teleportation
 l - 9 scrolls of poison
 q - 2 scrolls of magic mapping
 u - a scroll of acquirement
 v - 2 scrolls of vulnerability
 A - 5 scrolls of fog
 B - 4 scrolls of amnesia
 D - 2 scrolls of blinking
 J - a scroll of silence
 K - a scroll of torment
 O - 2 scrolls of fear
 Q - a scroll of brand weapon {unknown}
 R - 3 scrolls of enchant weapon
Potions
 c - 5 potions of heal wounds
 d - a potion of resistance {unknown}
 e - 5 potions of attraction
 f - 3 potions of mutation
 j - 7 potions of degeneration
 k - a potion of brilliance {unknown}
 m - a potion of lignification {unknown}
 o - 12 potions of curing
 p - a potion of haste {unknown}
 r - 4 potions of might
 s - 4 potions of flight {unknown}
 x - a potion of magic {unknown}
 z - a potion of berserk rage {unknown}
 C - 5 potions of cancellation
 E - 2 potions of ambrosia
 I - 3 potions of invisibility {unknown}


   Skills:
 * Level 19.6 Fighting
 - Level 14.0 Maces & Flails
 + Level 20.2 Armour
 - Level 2.3 Dodging


You had 13 spell levels left.
You didn't know any spells.
Your spell library was empty.

Dungeon Overview and Level Annotations

Branches:
Dungeon (11/15)            Temple (0/1) D:4            Lair (5/5) D:8
 Shoals (0/4) Lair:3        Snake (0/4) Lair:2        Slime (1/5) Lair:4
    Orc: D:9-12

Altars:
Ashenzari
Cheibriados
Dithmenos
Elyvilon
Gozag
Hepliaklqana
Nemelex Xobeh
Wu Jian
Jiyva

Shops:
D:10 *   D:11 ?

Annotations:
D:9 exclusion: orange crystal statue
D:10 3 runed translucent doors, boopmooplesden's ghost, journeyman MiGl


Innate Abilities, Weirdness & Mutations

You have a pair of horns on your head.
You reflexively headbutt those who attack you in melee.


Message History

There is a stone staircase leading down, spattered with blood here.
Okay, then.
You bludgeon the acid blob!!
The acid blob and the slime creature shudder.
The acid blob is moderately wounded.
The slime creature is severely wounded.
Your hands burn!
* * * LOW HITPOINT WARNING * * *
The acid blob is moderately wounded.
The slime creature hits you!
* * * LOW HITPOINT WARNING * * *
The acid blob closely misses you.
You sock the acid blob!
The acid blob and the slime creature shudder.
The acid blob is heavily wounded.
The slime creature is severely wounded.
Your hands burn!
* * * LOW HITPOINT WARNING * * *
You headbutt the acid blob.
The acid blob is severely wounded.
The acid blob spits acid at you. The splash of acid hits you.
* * * LOW HITPOINT WARNING * * *
The acid corrodes you! The slime creature barely misses you.
The acid blob hits you!
* * * LOW HITPOINT WARNING * * *
You are splashed with acid!
* * * LOW HITPOINT WARNING * * *
The slime creature hits you but does no damage.
The acid blob spits acid at you. The splash of acid hits you.
* * * LOW HITPOINT WARNING * * *
The acid corrodes you!
You climb downwards.
There is a stone staircase leading up here.
The slime creature hits you.
* * * LOW HITPOINT WARNING * * *
The acid blob spits acid at you. The splash of acid hits you!!
You die...

......#..........................
................#................
..#............####.P............
................# #P#......†.##..
...............######.......†.#..
................P# #....##....##.
.#..............#####...###....#.
.P.............J...##.....##...##
................@J.##......##...#
..................###.......##..#
.............................##(.
....(.................###.....##.
........................###....#.
....................#.P...###....
....................###P....###.#
......##.............#........###
......###..............P......###


You could see an acid blob and a slime creature.

Vanquished Creatures
  Rupert (Lair:4)
  A rockslime (Slime:1)
  A fire dragon (Lair:5)
  Josephine (Lair:3)
  4 hydras
  An anaconda (Lair:3)
  4 two-headed ogres
  A centaur warrior (D:9)
  5 death yaks (Lair:3)
  A boulder beetle (Lair:5)
  5 skeletal warriors (D:11)
  A fire crab (Lair:3)
  2 skysharks
  Amaemon (Lair:2)
  A swamp dragon (Lair:5)
  2 deep elf pyromancers
  4 manticores
  A wolf spider (Lair:5)
  7 elephants
  Joseph (D:8)
  A guardian serpent (Lair:5)
  An orange demon (Lair:2)
  17 cane toads
  9 black mambas
  2 unseen horrors (D:10)
  Psyche (D:9)
  10 komodo dragons
  4 kobold demonologists
  2 rime drakes
  A polar bear (Lair:3)
  5 trolls
  6 hornets
  14 blink frogs
  4 dream sheep (Lair:4)
  A slime creature (D:9)
  2 shadows
  42 yaks
  9 wraiths
  21 wyverns
  6 basilisks
  3 redbacks (Lair:5)
  6 steam dragons
  3 vampire mosquitoes
  4 nagas (Lair:2)
  4 acid dragons
  23 water moccasins
  7 orc warriors
  7 black bears
  2 sky beasts
  6 wolves (Lair:2)
  2 ogres (D:5)
  6 centaurs
  2 phantoms
  2 gnoll sergeants (D:9)
  6 kobold brigands
  15 bullfrogs
  4 scorpions
  2 wights
  6 killer bees
  2 howler monkeys (D:11)
  3 hounds
  3 jellies
  A gnoll bouda (D:8)
  9 orc priests
  A sleepcap (D:6)
  2 hell rats (Lair:3)
  10 iguanas
  8 orc wizards
  10 adders
  4 gnolls
  4 river rats (D:3)
  2 white imps (D:8)
  4 worms (D:3)
  2 dart slugs
  39 orcs
  5 ball pythons
  2 bats
  6 endoplasms
  2 giant cockroaches (D:1)
  10 hobgoblins
  4 jackals
  27 kobolds
  A quokka (D:1)
  5 frilled lizards
  8 goblins
  8 rats
  A spectral goblin (D:3)
496 creatures vanquished.

Notes
Turn   | Place    | Note
-------+----------+-------------------------------------------
     0 | D:1      | FatMalone the Minotaur Berserker began the quest for the
                  | Orb.
     0 | D:1      | Reached XP level 1. HP: 19/19 MP: 0/0
   291 | D:1      | Reached XP level 2. HP: 27/27 MP: 1/1
   833 | D:1      | Reached XP level 3. HP: 33/33 MP: 2/2
  1215 | D:1      | Found a faded altar of an unknown god.
  1293 | D:2      | You fall into a shaft and drop 2 floors!
  1308 | D:4      | Found a broken altar of Ashenzari.
  1345 | D:3      | Reached skill level 5 in Maces & Flails
  1345 | D:3      | Reached XP level 4. HP: 41/41 MP: 3/3
  1813 | D:3      | Found a hazy altar of Hepliaklqana.
  1923 | D:3      | Reached skill level 3 in Armour
  1923 | D:3      | Reached XP level 5. HP: 47/47 MP: 4/4
  2464 | D:2      | Reached ** piety under Trog
  3092 | D:4      | Reached XP level 6. HP: 49/55 MP: 5/5
  3271 | D:4      | Found a snail-covered altar of Cheibriados.
  3631 | D:4      | Found a staircase to the Ecumenical Temple.
  3853 | D:5      | Entered Level 5 of the Dungeon
  3878 | D:5      | Reached skill level 4 in Armour
  4179 | D:5      | Reached skill level 5 in Fighting
  4231 | D:5      | Noticed a troll
  4243 | D:5      | Reached XP level 7. HP: 47/61 MP: 6/6
  4246 | D:5      | Killed a troll
  4247 | D:5      | Reached skill level 5 in Armour
  4288 | D:5      | Reached skill level 6 in Armour
  5093 | D:5      | Reached XP level 8. HP: 56/69 MP: 7/7
  5939 | D:6      | Found a sparkling altar of Nemelex Xobeh.
  5939 | D:6      | Found a shadowy altar of Dithmenos.
  5940 | D:6      | Found a white marble altar of Elyvilon.
  5972 | D:6      | Reached skill level 10 in Maces & Flails
  5972 | D:6      | Reached skill level 7 in Armour
  8062 | D:7      | Reached skill level 8 in Armour
  8251 | D:7      | Reached XP level 9. HP: 75/75 MP: 8/8
  8752 | D:7      | Reached skill level 9 in Armour
  9078 | D:8      | Reached skill level 10 in Armour
  9359 | D:8      | Noticed a two-headed ogre
  9366 | D:8      | Killed a two-headed ogre
  9367 | D:8      | Reached skill level 11 in Armour
  9367 | D:8      | Reached XP level 10. HP: 86/86 MP: 9/9
  9706 | D:8      | Noticed Joseph
  9729 | D:8      | Killed Joseph
 10081 | D:8      | Found a staircase to the Lair.
 10120 | D:7      | Reached skill level 12 in Armour
 10961 | D:8      | Noticed a two-headed ogre
 10964 | D:8      | Killed a two-headed ogre
 11457 | D:9      | Reached skill level 13 in Armour
 11466 | D:9      | Noticed an orange crystal statue
 11493 | D:9      | Noticed a deep elf pyromancer
 11493 | D:9      | Noticed a two-headed ogre
 11520 | D:8      | Killed a deep elf pyromancer
 11556 | D:8      | Killed a two-headed ogre
 12610 | D:9      | Noticed a deep elf pyromancer
 12613 | D:9      | Killed a deep elf pyromancer
 12614 | D:9      | Reached XP level 11. HP: 77/97 MP: 10/10
 12665 | D:9      | Noticed a centaur warrior
 12669 | D:9      | Killed a centaur warrior
 12670 | D:9      | Reached skill level 14 in Armour
 12922 | D:9      | Noticed Psyche
 12947 | D:9      | Killed Psyche
 13042 | D:9      | Reached skill level 10 in Fighting
 13111 | D:9      | Reached *** piety under Trog
 13153 | D:9      | Identified the +1 robe of Sunlight {Int+5 Dex+3}
 13169 | D:9      | Found the +6 shillelagh "Devastator" {shatter}
 13228 | D:9      | Identified the +9 falchion "Miraw" {pain, rPois Str+2
                  | Int-5}
 13676 | D:9      | Identified the +3 plate armour "Gosus" {rC+}
 13905 | D:10     | Entered Level 10 of the Dungeon
 13905 | D:10     | Found a runed translucent gate.
 13905 | D:10     | Found a runed translucent gate.
 13905 | D:10     | Found a runed translucent gate.
 13905 | D:10     | Found an opulent altar of Gozag.
 13906 | D:10     | Noticed boopmooplesden's ghost (journeyman MiGl)
 13906 | D:10     | Noticed a centaur warrior
 13946 | D:10     | Found a flagged portal.
 14027 | D:10     | Found Uxzas's General Store.
 14030 | D:10     | Bought a scroll of identify for 24 gold pieces
 14195 | D:10     | Found an ornate altar of the Wu Jian Council.
 14364 | D:10     | Noticed a two-headed ogre
 14431 | D:10     | Reached XP level 12. HP: 115/115 MP: 11/11
 14431 | D:10     | Killed a two-headed ogre
 14465 | D:10     | Reached **** piety under Trog
 15462 | D:11     | Found The Oracle's Delphic Readings.
 15466 | D:11     | Bought a scroll of identify for 26 gold pieces
 15466 | D:11     | Bought a scroll of identify for 26 gold pieces
 15502 | D:11     | Reached skill level 15 in Fighting
 16338 | Lair:1   | Entered Level 1 of the Lair of Beasts
 17294 | Lair:1   | Noticed an eight-headed hydra
 17298 | Lair:1   | Killed an eight-headed hydra
 17312 | Lair:1   | Identified the +3 helmet of Tentacled the Good {Harm rPois
                  | Int+3}
 17718 | Lair:2   | Reached skill level 15 in Armour
 17720 | Lair:2   | Reached XP level 13. HP: 132/132 MP: 12/12
 18266 | Lair:2   | Found a staircase to the Snake Pit.
 18630 | Lair:2   | Noticed Amaemon
 18644 | Lair:2   | Killed Amaemon
 19043 | Lair:2   | Reached ***** piety under Trog
 19314 | Lair:3   | Reached skill level 16 in Armour
 19489 | Lair:3   | Found a staircase to the Shoals.
 19926 | Lair:3   | Reached skill level 17 in Armour
 20128 | Lair:3   | Identified the ring "Hile Riho" {rF+ rC+}
 20132 | Lair:3   | Identified the +3 dagger of the Loving Coward {flame, Fly
                  | rC+ Str-5 Int+5}
 20214 | Lair:3   | Noticed Josephine
 20235 | Lair:3   | Killed Josephine
 20844 | Lair:4   | Noticed Rupert
 20852 | Lair:4   | Killed Rupert
 20853 | Lair:4   | Reached XP level 14. HP: 146/146 MP: 13/13
 21333 | Lair:5   | Entered Level 5 of the Lair of Beasts
 21360 | Lair:4   | Found a staircase to the Slime Pits.
 21360 | Lair:4   | Found a viscous altar of Jiyva.
 21943 | Lair:4   | Reached skill level 18 in Armour
 23520 | Lair:5   | Identified a scroll of acquirement
 23640 | Lair:5   | Reached skill level 19 in Armour
 24313 | Lair:5   | Paralysed by a hornet for 1 turns
 25043 | Lair:5   | Received a gift from Trog
 25246 | Lair:5   | Reached skill level 20 in Armour
 26391 | Lair:5   | Upgraded the game from 0.30.1-9-gdf580d7c3d to
                  | 0.30.1-11-g7821555f0a
 26786 | Slime:1  | Entered Level 1 of the Pits of Slime
 26786 | Slime:1  | Noticed a rockslime
 26797 | Slime:1  | Noticed an acid blob
 26803 | Slime:1  | Killed a rockslime
 26813 | Lair:4   | HP: 7/147 [acid (9)]
 26815 | Lair:5   | HP: 2/147 [slime creature (4)]
 26815 | Lair:5   | Killed from afar by an acid blob

Illustrated notes

Levels and vault maps discovered:
D:1:      grunt_arrival_crossed_arrows, layout_loops_ring,
          shapermc_ecumenical_altar_mp_vishouse, serial_glass, glass_columns_a,
          glass_columns_a, item_on_display_a, feat_on_display,
          due_unseen_surprise, item_on_display_a
D:2:      layout_basic, cheibrodos_gnoll_hut
D:3:      layout_loops_cross, nicolae_hepliaklqana_monster_ancestors,
          lightli_sewer_entry_pipes
D:4:      layout_cave_pools, evilmike_ruin_ashenzari, kennysheep_slug_shrine,
          lemuel_temple_firewalk_b
D:5:      layout_basic, minmay_manual_monstrance
D:6:      layout_basic, gammafunk_temple_overflow_forgotten
D:7:      layout_rooms, nicolae_figureground_sparkle
D:8:      minmay_inner_zag, layout_gridville, due_lair_maze_entry_diamond,
          uniq_joseph
D:9:      minmay_the_grid_3x3 [minmay_the_grid_box_x, minmay_the_grid_rooms,
          minmay_the_grid_small_cups, minmay_the_grid_expand,
          minmay_the_grid_minigrid_small_alt, minmay_the_grid_odd_star,
          minmay_the_grid_dragon_b, minmay_the_grid_minigrid_large,
          minmay_the_grid_prize_trominoes], layout_basic, disabler_island,
          uniq_psyche
D:10:     layout_loops_ring, mainiacjoe_overflow_brackets, enter_bailey_6,
          ebering_ghost_gozag, serial_shops, kennysheep_mini_moat,
          minmay_fractal_squares_5
D:11:     layout_irregular_city, nicolae_nh_oracle_at_delphi
Lair:1:   cheibrodos_lair_river_kwai, layout_regular_city, serial_bayou_pond_e
Lair:2:   layout_regular_city, minmay_snake_entry_guardpost_medium,
          beast_lair_carwin_9, uniq_amaemon
Lair:3:   layout_loops_ring, elwin_shoals_entry_rocks,
          nicolae_quartered_pool_little, nicolae_lair_lakeside_cave,
          uniq_josephine
Lair:4:   layout_cave_shapes, slime_entry_1, beast_lair_carwin_8, uniq_rupert
Lair:5:   hangedman_lair_tendril_chambers, layout_cave_shapes,
          guppyfry_lair_end_dragon
Slime:1:  cheibrodos_slime_lost_civilization_3, layout_caves

Skill      XL: |  1  2  3  4  5  6  7  8  9 10 11 12 13 14 |
---------------+-------------------------------------------+-----
Maces & Flails | 4 5 6 7 9 11 12 14 | 14.0
Fighting       | 4 5 6 7 9 13 17 19 | 19.6
Armour         | 3 4 6 8 11 13 14 15 17 20 | 20.2
Dodging        | |  2.3

Action                     |  1- 3 |  4- 6 |  7- 9 | 10-12 | 13-15 || total
---------------------------+-------+-------+-------+-------+-------++-------
  Melee: Mace              |    11 |       |       |       |       ||    11
         Headbutt          |     9 |    27 |    62 |    99 |    99 ||   296
         Whip              |    44 |   229 |   287 |   151 |       ||   711
         Punch             |       |     1 |     4 |     3 |     5 ||    13
         Dire flail        |       |       |       |   178 |       ||   178
         Shillelagh        |       |       |       |   181 |   460 ||   641
 Invoke: Berserk           |     3 |     8 |     6 |    11 |    18 ||    46
         Trog's Hand       |       |       |     1 |     1 |       ||     2
    Use: Scroll            |       |       |     7 |     8 |    12 ||    27
         Potion            |       |       |       |       |     2 ||     2
 Armour: Animal skin       |     5 |       |       |       |       ||     5
         Scale mail        |    16 |    85 |   100 |    27 |       ||   228
         Plate armour      |       |       |       |   177 |   291 ||   468
  Dodge: Dodged            |    37 |   103 |   100 |   201 |   266 ||   707
